 Dungeon Crawl Stone Soup version 0.23.1-37-gaa34b87b72 (webtiles) character file.

Game seed: 12250578648855409443

80320 Peloso the Peltast (level 15, -1/139 HPs)
             Began as a Minotaur Fighter on Mar 28, 2019.
             Was the Champion of Okawaru.
             Splashed by an oklob plant's acid (14 damage)
             ... on level 4 of the Lair of Beasts.
             The game lasted 01:13:10 (24685 turns).

Peloso the Peltast (Minotaur Fighter)              Turns: 24685, Time: 01:13:11

Health: -1/139     AC: 26    Str: 27    XL:     15   Next: 23%
Magic:  15/15      EV:  8    Int:  8    God:    Okawaru [******]
Gold:   1256       SH: 15    Dex: 13    Spells: 14/14 levels left

rFire    + . .     SeeInvis .   a - +3 demon blade "Pyibebiu" {drain, Str+3}
rCold    + . .     Gourm    .   c - +0 shield
rNeg     . . .     Faith    .   U - +9 scales of the Dragon King {rPois rF+ rC+ MR+}
rPois    +         Spirit   .   J - +0 hat {Int+3}
rElec    .         Reflect  .   M - +1 cloak
rCorr    .         Harm     .   E - +0 pair of gloves
MR       +++..                  X - +0 pair of boots {Fly}
Stlth    ..........             (no amulet)
HPRegen  0.33/turn              K - ring of poison resistance
MPRegen  0.14/turn              B - ring of protection from magic

@: corroded, flying
A: retaliatory headbutt, horns 2
a: Heroism, Finesse, Renounce Religion, Stop Flying


You were on level 4 of the Lair of Beasts.
You worshipped Okawaru.
Okawaru was exalted by your worship.
You were not hungry.

You visited 3 branches of the dungeon, and saw 21 of its levels.
You also visited: Ice Cave and Volcano.

You collected 1346 gold pieces.
You spent 90 gold pieces at shops.

Inventory:

Hand Weapons
 a - the +3 demon blade "Pyibebiu" (weapon) {drain, Str+3}
   (Okawaru gifted it to you on level 14 of the Dungeon)

   A truly terrible weapon, it drains the life of those it strikes.
   It affects your strength (+3).
 l - a +1 scimitar of flaming
Armour
 c - a +0 shield (worn)
 E - a +0 pair of gloves (worn)
 J - a +0 hat of intelligence (worn)
 M - a +1 cloak (worn)
 U - the +9 scales of the Dragon King (worn) {rPois rF+ rC+ MR+}
   (You found it in an ice cave)

   It protects you from fire.
   It protects you from cold.
   It protects you from poison.
   It affects your resistance to hostile enchantments.
 X - a +0 pair of boots of flying (worn)
Jewellery
 B - a ring of protection from magic (right hand)
 C - an uncursed ring of see invisible
 K - a ring of poison resistance (left hand)
 R - an uncursed ring of protection from fire
Wands
 O - a wand of digging (2)
Scrolls
 g - 5 scrolls of noise
 h - 11 scrolls of remove curse
 j - 2 scrolls of fear
 k - 6 scrolls of teleportation
 n - 2 scrolls of magic mapping
 q - 3 scrolls of identify
Potions
 d - 4 potions of might
 e - 5 potions of heal wounds
 t - a potion of haste
 w - 2 potions of berserk rage
 x - 11 potions of curing
 Q - 3 potions of agility
 T - 2 potions of resistance
Comestibles
 f - 40 rations


   Skills:
 + Level 14.4 Fighting
   Level 2.3(10.7) Short Blades
 + Level 16.7(16.8) Long Blades
 + Level 13.8 Armour
 + Level 4.2 Dodging
 + Level 1.0 Stealth
 + Level 17.4 Shields
 + Level 2.5 Invocations
 + Level 0.7 Evocations


You had 14 spell levels left.
You didn't know any spells.
Your spell library contained the following spells:

 Spells                   Type           Power        Failure   Level  Hunger
 Beastly Appendage        Tmut           #.....       100%        1    ##.....
 Flame Tongue             Conj/Fire      #....        100%        1    ##.....
 Magic Dart               Conj           #...         100%        1    ##.....
 Blink                    Tloc           N/A          100%        2    ###....
 Call Imp                 Summ           #.......     100%        2    ###....
 Slow                     Hex            #.......     100%        2    ###....
 Sticks to Snakes         Tmut           #.......     100%        2    ###....
 Throw Flame              Conj/Fire      #.....       100%        2    ###....
 Conjure Flame            Conj/Fire      #.......     100%        3    ####...
 Inner Flame              Hex/Fire       #.......     100%        3    ####...
 Mephitic Cloud           Conj/Pois/Air  #.......     100%        3    ####...
 Spider Form              Tmut/Pois      #.........   100%        3    ####...
 Ice Form                 Ice/Tmut       #.......     100%        4    #####..
 Sticky Flame             Conj/Fire      #.......     100%        4    #####..
 Blade Hands              Tmut           #.........   100%        5    ######.
 Fireball                 Conj/Fire      #.........   100%        5    ######.


Dungeon Overview and Level Annotations

Branches:
Dungeon (15/15)            Temple (1/1) D:6            Lair (5/6) D:10
 Shoals (0/4) Lair:2       Spider (0/4) Lair:2          Orc (0/2) D:9
 Vaults (0/5) D:13         Depths (0/5) D:15
  Slime: Lair:5-6

Altars:
Dithmenos
Fedhas
Gozag
Hepliaklqana
Makhleb
Nemelex Xobeh
Okawaru
Qazlal
Ru
Trog
Uskayaw
Vehumet
Wu Jian
Xom
Yredelemnul
Zin
The Shining One

Shops:
D:4 *   D:5 !   D:15 :

Annotations:
Lair:3 3 runed translucent doors, Gargoyl's ghost, journeyman CeAK
Lair:4 exclusion: 2 oklob plants


Innate Abilities, Weirdness & Mutations

You reflexively headbutt those who attack you in melee.
You have a pair of horns on your head.


Message History

You hit the oklob plant.
The oklob plant is severely damaged.
The oklob plant spits acid at you.
The splash of acid hits you but does no damage.
You are splashed with acid!
* * * LOW HITPOINT WARNING * * *
The oklob plant spits acid at you. You block the splash of acid.
The oklob plant spits acid at you.
The splash of acid hits you but does no damage.
The acid corrodes you!
You are splashed with acid!
* * * LOW HITPOINT WARNING * * *
The oklob plant spits acid at you.
The splash of acid hits you but does no damage.
You are splashed with acid!
* * * LOW HITPOINT WARNING * * *
The oklob plant spits acid at you.
The splash of acid hits you but does no damage.
You are splashed with acid!
You die...

..P........##...##
....###....######
...#.P##...# ####
##....##...###..##
.#...#.....P##...#
##...##....###...#
##...###...##....#
......##....#....#
#....###...###..@#######
##...##....##.......}P!#
#.#..P##(...#....P....[#
##...###...##....P.!..P#
#....##.....##...P..[).#
.....###....##......$..#
##...# #...###...#######
#P...# #...#.#...#
##...###.....<...##


You could see 2 oklob plants.

Vanquished Creatures
  Gastronok (D:11)
  A fire giant (D:15)
  A very ugly thing (D:8)
  A fire dragon (D:15)
  9 hydras
  A yaktaur captain (D:15)
  A vault guard (D:13)
  A death knight (D:13)
  3 centaur warriors
  8 two-headed ogres
  4 death yaks (Lair:5)
  An ogre mage (D:15)
  A hell knight (Volcano)
  3 skeletal warriors (D:13)
  An unseen horror (D:14)
  6 wizards
  A necromancer (IceCv)
  An orange crystal statue (Lair:3)
  3 oklob plants
  12 ugly things
  6 cyclopes
  A manticore (D:13)
  3 merfolk sirens (Lair:2)
  An elephant (Lair:4)
  3 ice statues (IceCv)
  Psyche (D:10)
  A gargoyle (D:11)
  8 spiny frogs
  4 komodo dragons
  2 efreet (D:13)
  6 yaktaurs
  A kobold demonologist (D:15)
  A rime drake (Lair:4)
  4 centaur skeletons
  8 trolls
  7 ice devils
  A merfolk (Lair:2)
  3 polar bears (Lair:3)
  11 slime creatures
  A hornet (D:14)
  8 blink frogs
  13 hippogriffs
  2 wyverns
  A redback (shapeshifter) (D:13)
  A spriggan (D:10)
  5 wraiths
  4 shadows
  2 basilisks
  35 yaks
  A human (shapeshifter) (D:15)
  Grum (D:8)
  2 hungry ghosts
  A steam dragon (D:13)
  7 vampire mosquitoes
  4 acid dragons
  5 water moccasins
  3 orc warriors
  7 porcupines
  4 sky beasts
  3 ice beasts
  8 ogres
  4 phantoms
  An eye of draining (D:10)
  8 black bears
  2 necrophages
  4 wolves (D:8)
  13 centaurs
  6 big kobolds
  8 crocodiles
  18 bullfrogs
  2 gnoll sergeants
  2 wyvern skeletons
  7 scorpions
  6 killer bees (D:13)
  5 howler monkeys
  14 crimson imps
  4 centaur zombies
  2 draconian simulacra (IceCv)
  12 hounds
  4 lava snakes (Lair:3)
  A quasit (D:8)
  5 jellies
  6 orc priests
  2 bullfrog skeletons
  12 orc wizards
  Ijyb (D:3)
  7 iguanas
  12 worker ants
  Natasha (twice) (D:3)
  4 troll simulacra (IceCv)
  A spriggan simulacrum (IceCv)
  A centaur simulacrum (IceCv)
  A hound zombie (D:8)
  2 hound skeletons
  2 worker ant zombies
  14 gnolls
  18 adders
  2 naga simulacra (IceCv)
  7 shadow imps
  18 oozes
  An adder zombie (D:9)
  An adder skeleton (D:9)
  6 worms
  7 dart slugs
  4 leopard geckos
  41 orcs
  4 giant cockroaches
  8 goblins
  14 hobgoblins
  9 jackals
  34 kobolds
  6 quokkas
  11 bats
  5 frilled lizards
  2 leopard gecko skeletons
  2 quokka skeletons (D:4)
  A quokka zombie (D:8)
  10 rats
  A butterfly (Lair:1)
  2 fungi
  2 plants (Lair:4)
661 creatures vanquished.

Vanquished Creatures (others)
  An unseen horror (D:12)
  A wizard (D:12)
  6 fungi
8 creatures vanquished.

Grand Total: 669 creatures vanquished

Notes
Turn   | Place    | Note
-------+----------+-------------------------------------------
     0 | D:1      | Peloso the Minotaur Fighter began the quest for the Orb.
     0 | D:1      | Reached XP level 1. HP: 19/19 MP: 0/0
    83 | D:1      | Reached skill level 4 in Shields
    91 | D:1      | Reached XP level 2. HP: 13/27 MP: 1/1
   284 | D:1      | Reached XP level 3. HP: 31/33 MP: 2/2
   394 | D:1      | Found a glowing golden altar of the Shining One.
   546 | D:2      | Found a shimmering altar of Xom.
   546 | D:2      | Found a shimmering altar of Xom.
   546 | D:2      | Found a shimmering altar of Xom.
   547 | D:2      | Found a shimmering altar of Xom.
   547 | D:2      | Found a shimmering altar of Xom.
   687 | D:2      | Reached XP level 4. HP: 36/40 MP: 3/3
   987 | D:2      | Reached skill level 1 in Dodging
  1245 | D:2      | Found an opulent altar of Gozag.
  1410 | D:3      | Noticed Ijyb
  1425 | D:3      | Killed Ijyb
  1425 | D:3      | Reached skill level 5 in Shields
  1425 | D:3      | Reached XP level 5. HP: 46/46 MP: 4/4
  1585 | D:3      | Reached XP level 6. HP: 38/53 MP: 5/5
  2032 | D:3      | Noticed Natasha
  2034 | D:3      | Reached skill level 5 in Long Blades
  2040 | D:3      | Killed Natasha
  2350 | D:3      | Noticed Natasha
  2357 | D:3      | Killed Natasha
  2357 | D:3      | Reached skill level 6 in Shields
  2556 | D:4      | Reached XP level 7. HP: 60/60 MP: 6/6
  2628 | D:4      | Found Nyitet's Mayhem Merchandise.
  2704 | D:4      | Reached skill level 5 in Armour
  2977 | D:5      | Entered Level 5 of the Dungeon
  2998 | D:5      | Reached skill level 5 in Fighting
  3132 | D:5      | Found a hazy altar of Hepliaklqana.
  3214 | D:5      | Found Intemm's Distillery.
  3233 | D:5      | Bought a potion of flight for 45 gold pieces
  3233 | D:5      | Bought a potion of curing for 45 gold pieces
  3244 | D:5      | Reached XP level 8. HP: 69/69 MP: 7/7
  3298 | D:5      | Found a shadowy altar of Dithmenos.
  3785 | D:6      | Reached skill level 7 in Shields
  3909 | D:6      | Found a hide-covered altar of Uskayaw.
  4246 | D:6      | Reached XP level 9. HP: 71/78 MP: 8/8
  4302 | D:6      | Found a staircase to the Ecumenical Temple.
  4312 | Temple   | Entered the Ecumenical Temple
  4322 | Temple   | Became a worshipper of Warmaster Okawaru
  4575 | D:5      | Found a hazy altar of Hepliaklqana.
  4584 | D:5      | Found a stormy altar of Qazlal.
  4585 | D:5      | Found a blossoming altar of Fedhas.
  5187 | D:7      | Reached skill level 8 in Shields
  5204 | D:7      | Reached * piety under Okawaru
  5204 | D:7      | Reached skill level 10 in Long Blades
  5544 | D:7      | Found a sacrificial altar of Ru.
  5900 | D:8      | Reached skill level 9 in Shields
  6010 | D:7      | Reached ** piety under Okawaru
  6010 | D:7      | Reached XP level 10. HP: 60/86 MP: 9/9
  6331 | D:8      | Noticed a white very ugly thing
  6344 | D:8      | Found a transporter.
  6362 | D:8      | Found a bloodstained altar of Trog.
  6372 | D:8      | Found a transporter.
  6406 | D:8      | Noticed Grum
  6683 | D:8      | Killed Grum
  6714 | D:8      | Reached skill level 10 in Shields
  6827 | D:8      | Noticed a two-headed ogre
  6842 | D:8      | Killed a two-headed ogre
  6842 | D:8      | Reached *** piety under Okawaru
  6861 | D:8      | Found an ornate altar of the Wu Jian Council.
  6997 | D:8      | Found a radiant altar of Vehumet.
  7037 | D:8      | Noticed a two-headed ogre
  7044 | D:8      | Killed a two-headed ogre
  7044 | D:8      | Reached **** piety under Okawaru
  7095 | D:8      | Found a shadowy altar of Dithmenos.
  7291 | D:9      | Found a staircase to the Orcish Mines.
  7334 | D:9      | Reached skill level 11 in Shields
  7342 | D:9      | Found a basalt altar of Yredelemnul.
  7970 | D:9      | Noticed an oklob plant
  7991 | D:9      | Reached XP level 11. HP: 95/95 MP: 10/10
  7994 | D:9      | Reached ***** piety under Okawaru
  8127 | D:9      | Killed an oklob plant
  8360 | D:10     | Entered Level 10 of the Dungeon
  8469 | D:10     | Noticed Psyche
  8482 | D:10     | Killed Psyche
  8857 | D:10     | Found a staircase to the Lair.
  9685 | D:11     | Reached skill level 12 in Shields
  9736 | D:11     | Found a frozen archway.
 10035 | IceCv    | Entered an ice cave
 10101 | IceCv    | Received a gift from Okawaru
 11576 | IceCv    | Reached skill level 10 in Armour
 11930 | IceCv    | Noticed a necromancer
 11931 | IceCv    | Found the +9 scales of the Dragon King {rPois rF+ rC+ MR+}
 11946 | IceCv    | Killed a necromancer
 12541 | IceCv    | Reached skill level 10 in Fighting
 12634 | D:11     | Noticed a seven-headed hydra
 12668 | D:11     | Killed a seven-headed hydra
 12668 | D:11     | Reached skill level 1 in Invocations
 12668 | D:11     | Reached XP level 12. HP: 92/106 MP: 9/11
 12854 | D:11     | Noticed a four-headed hydra
 12874 | D:11     | Killed a four-headed hydra
 13208 | D:11     | Found a sparkling altar of Nemelex Xobeh.
 13304 | D:11     | Noticed Gastronok
 13327 | D:11     | Killed Gastronok
 13327 | D:11     | Reached skill level 13 in Shields
 13611 | D:12     | Reached skill level 1 in Short Blades
 13639 | D:12     | Received a gift from Okawaru
 14327 | D:12     | Reached skill level 14 in Shields
 14626 | D:12     | Found a blossoming altar of Fedhas.
 15009 | D:13     | Noticed a death knight
 15135 | Lair:1   | Entered Level 1 of the Lair of Beasts
 15165 | Lair:1   | Reached XP level 13. HP: 61/116 MP: 13/13
 15267 | Lair:1   | Found a dark tunnel.
 15275 | Volcano  | Entered a volcano
 15835 | Lair:2   | Found a staircase to the Shoals.
 16143 | Lair:2   | Found a hole to the Spider Nest.
 16366 | Lair:3   | Noticed Gargoyl's ghost (journeyman CeAK)
 16367 | Lair:3   | Noticed a minotaur
 16390 | Lair:3   | Reached skill level 15 in Shields
 16412 | Lair:3   | Received a gift from Okawaru
 16420 | Lair:3   | Got a translucent scythe
 16427 | Lair:3   | Identified the +8 scythe of Geyw {flame, *Rage rF++} (You
                  | found it on level 3 of the Lair of Beasts)
 16644 | Lair:2   | Reached skill level 15 in Long Blades
 16644 | Lair:2   | Reached skill level 1 in Stealth
 16808 | Lair:3   | Found a runed translucent gate.
 17298 | Lair:3   | Found a runed translucent gate.
 17298 | Lair:3   | Found a runed translucent gate.
 17737 | Lair:3   | Reached ****** piety under Okawaru
 18043 | Lair:4   | Received a gift from Okawaru
 19100 | Lair:4   | Reached XP level 14. HP: 127/127 MP: 14/14
 20452 | D:8      | Killed a white very ugly thing
 20842 | D:13     | Reached skill level 16 in Shields
 21055 | D:13     | Found a gate to the Vaults.
 21936 | D:14     | Found a burning altar of Makhleb.
 22133 | D:14     | Received a gift from Okawaru
 22137 | D:14     | Got a jewelled demon blade {god gift}
 22138 | D:14     | Identified the +3 demon blade "Pyibebiu" {drain, Str+3}
                  | (Okawaru gifted it to you on level 14 of the Dungeon)
 22391 | D:15     | Entered Level 15 of the Dungeon
 22397 | D:15     | Noticed a fire giant
 22831 | D:14     | Reached skill level 17 in Shields
 23003 | D:15     | Found a staircase to the Depths.
 23005 | D:15     | Killed a fire giant
 23005 | D:15     | Received a gift from Okawaru
 23245 | D:15     | Reached XP level 15. HP: 133/138 MP: 15/15
 23354 | D:15     | Found a radiant altar of Vehumet.
 23582 | D:15     | Found a radiant altar of Vehumet.
 23752 | D:15     | Found Raetanto's Book Emporium.
 24685 | Lair:4   | Splashed by an oklob plant's acid

Skill      XL: |  1  2  3  4  5  6  7  8  9 10 11 12 13 14 |
---------------+-------------------------------------------+-----
Shields        | 4 5 6 7 9 11 12 14 15 17 | 17.4
Armour         | 4 5 6 8 9 10 11 12 13 | 13.8
Long Blades    | 3 4 5 6 9 10 11 13 14 15 16 | 16.7
Dodging        | 1 2 3 4 |  4.2
Fighting       | 4 5 6 7 8 10 11 12 14 | 14.4
Invocations    | 1 2 |  2.5
Short Blades   | 1 2 |  2.3
Stealth        | 1 |  1.0
Evocations     | |  0.7

Action                   |  1- 3 |  4- 6 |  7- 9 | 10-12 | 13-15 || total
-------------------------+-------+-------+-------+-------+-------++-------
Melee: Long sword        |    96 |   171 |   364 |  1084 |   700 ||  2415
       Headbutt          |     8 |    37 |   109 |   308 |   322 ||   784
       Dagger            |       |       |       |    24 |    67 ||    91
       Demon blade       |       |       |       |       |   300 ||   300
       Scimitar          |       |       |       |       |    26 ||    26
Invok: Heroism           |       |       |     1 |    15 |     8 ||    24
       Finesse           |       |       |       |     1 |       ||     1
Evoke: Wand              |       |       |       |       |    14 ||    14
  Use: Scroll            |       |       |     9 |    11 |     7 ||    27
       Potion            |       |       |     1 |     3 |     1 ||     5
  Eat: Chunk             |       |     6 |    13 |    20 |    18 ||    57
       Ration            |       |       |       |     4 |     4 ||     8
Armor: Scale mail        |    62 |    34 |       |       |       ||    96
       Skin              |       |    17 |       |       |       ||    17
       Chain mail        |       |    15 |    52 |       |       ||    67
       Plate armour      |       |       |    83 |   190 |       ||   273
       Gold dragon scale |       |       |       |   182 |   563 ||   745
Dodge: Dodged            |    37 |    62 |   154 |   304 |   239 ||   796
Block: Shield            |    90 |   102 |   199 |   603 |   666 ||  1660
       Rpst.: Long sword |     8 |    17 |    35 |    85 |    32 ||   177
       Demon blade       |       |       |       |       |    14 ||    14
